 Dungeon Crawl Stone Soup version 0.29-a0-72-g1732ff48e7 (webtiles) character file.

Game seed: 4535636093685665789

45 SmokeWeed the Conjurer (level 3, 0/16 HPs)
             Began as a Spriggan Conjurer on Feb 4, 2022.
             Succumbed to an adder's poison
             ... on level 2 of the Dungeon.
             The game lasted 00:05:27 (1743 turns).

SmokeWeed the Conjurer (Spriggan Conjurer)          Turns: 1743, Time: 00:05:28

Health: 0/16       AC:  2    Str:  5    XL:     3   Next: 42%
Magic:  8/8        EV: 17    Int: 19    God:
Gold:   58         SH:  0    Dex: 13    Spells: 7/8 levels left

rFire   x . .      SeeInvis +   j - +0 hunting sling (flame)
rCold   + . .      Faith    .   (no shield)
rNeg    . . .      Spirit   .   a - +0 robe
rPois   .          Reflect  .   (helmet restricted)
rElec   .          Harm     .   (no cloak)
rCorr   .          Rampage  .   (gloves unavailable)
Will    .....                   (boots unavailable)
Stlth   ++........              (no amulet)
HPRegen 0.05/turn               c - ring of ice
MPRegen 0.11/turn               (no ring)

@: lethally poisoned (0 -> -2), very quick
A: very small, no large weapons, unfitting armour, see invisible, speed 3
a: no special abilities


You were on level 2 of the Dungeon.
You visited 1 branch of the dungeon, and saw 2 of its levels.

You collected 58 gold pieces.

Inventory:

Hand Weapons
 h - a +0 short sword
 j - a +0 hunting sling of flaming (weapon)
Missiles
 b - 20 stones (quivered ammo)
Armour
 a - a +0 robe (worn)
Jewellery
 c - a ring of ice (left hand)
Scrolls
 f - a scroll of enchant weapon {unknown}
 i - a scroll of amnesia {unknown}
Potions
 g - a potion of heal wounds {unknown}
 k - 2 potions of invisibility


   Skills:
 + Level 0.1 Fighting
 * Level 1.5 Slings
 + Level 3.1 Dodging
 + Level 3.1 Stealth
 * Level 3.0 Spellcasting
 * Level 3.4 Conjurations


You had 7 spell levels left.
You knew the following spells:

 Your Spells              Type           Power      Damage    Failure   Level
a - Magic Dart            Conj           64%        1d6       3%          1

Your spell library contained the following spells:

 Spells                   Type           Power      Damage    Failure   Level
 Searing Ray              Conj           32%        2d5       5%          2
 Dazzling Flash           Conj/Hex       18%        N/A       22%         3
 Fulminant Prism          Conj/Hex       4%         3d6       58%         4
 Iskenderun's Mystic Bla  Conj/Tloc      9%         2d4       58%         4
 Fireball                 Conj/Fire      4%         3d4       91%         5
 Starburst                Conj/Fire      4%         6d4       100%        6
 Ignition                 Fire           1%         3d3       100%        8


Dungeon Overview and Level Annotations

Branches:
Dungeon (2/15)

Altars:

Annotations:
D:2 Sigmund


Innate Abilities, Weirdness & Mutations

You are very small and have problems with some larger weapons.
You are too small for most types of armour.
You have supernaturally acute eyesight. (SInv)
You cover ground extremely quickly. (Speed+++)


Message History

The stone hits the adder but does no damage.
The adder hisses angrily.
You shoot a stone. The stone hits the adder.
The stone burns the adder.
The adder is heavily wounded.
Really attack while wielding your +0 hunting sling of flaming? [Y]es or [N]o only, please.
Really attack while wielding your +0 hunting sling of flaming? [Y]es or [N]o only, please.
Really attack while wielding your +0 hunting sling of flaming?
Okay, then.
Fire: 23 stones
Press: ? - help, Q - select action, (/) - cycle Shift-Dir - straight line, f/p - adder
Aim: an adder (heavily wounded, 35% to hit)
You shoot a stone. The stone misses the adder.
The adder barely misses you.
Fire: 22 stones
Press: ? - help, Q - select action, (/) - cycle Shift-Dir - straight line, f/p - adder
Aim: an adder (heavily wounded, 35% to hit)
You shoot a stone. The stone misses the adder.
The adder closely misses you. x2
Fire: 21 stones
Press: ? - help, Q - select action, (/) - cycle Shift-Dir - straight line, f/p - adder
Aim: an adder (heavily wounded, 35% to hit)
You shoot a stone. The stone closely misses the adder.
The adder barely misses you. The adder bites you.
You are lethally poisoned!
The adder poisons you!
You feel sick. The adder barely misses you.
* * * LOW HITPOINT WARNING * * *
You feel sick.
* * * LOW HITPOINT WARNING * * *
You feel sick.
* * * LOW HITPOINT WARNING * * *
You feel sick. The adder barely misses you.
* * * LOW HITPOINT WARNING * * *
You feel sick. The quokka barely misses you.
Unknown command.
Sigmund says, "Don't worry, I'll kill you fast."
You die...

#.# #.# #.# ## #.#
...########.#######
...............(..#
..................#
.......@..S..(....#
....(.....r.......#
#.....######......(......#
#.....######.............#
###.....#.........!........#
.................(........#
#.....#.....@............#
#.....#..................#
.##.....#.......###..#######


You could see Sigmund, an adder and a quokka.

Vanquished Creatures
  2 dart slugs
  2 orcs (D:1)
  3 ball pythons
  4 endoplasms (D:1)
  4 giant cockroaches (D:1)
  A goblin (D:1)
  3 hobgoblins
  4 jackals (D:1)
  A quokka (D:1)
  4 bats
  A frilled lizard (D:1)
  2 kobolds (D:1)
  3 rats (D:1)
34 creatures vanquished.

Notes
Turn   | Place    | Note
-------+----------+-------------------------------------------
     0 | D:1      | SmokeWeed the Spriggan Conjurer began the quest for the
                  | Orb.
     0 | D:1      | Reached XP level 1. HP: 9/9 MP: 5/5
   376 | D:1      | Reached XP level 2. HP: 13/13 MP: 3/6
  1160 | D:1      | Reached XP level 3. HP: 16/16 MP: 8/8
  1567 | D:1      | Reached skill level 1 in Slings
  1670 | D:2      | Noticed Sigmund
  1743 | D:2      | Succumbed to an adder's poison

Illustrated notes

Levels and vault maps discovered:
D:1:      minmay_arrival_shattered_statue, layout_basic
D:2:      layout_basic, kennysheep_generic_room_8, uniq_sigmund, uniq_natasha

Skill      XL: |  1  2  3 |
---------------+----------+-----
Conjurations   | 3 |  3.4
Dodging        | 3 |  3.1
Spellcasting   | 3 |  3.0
Slings         | 1 |  1.5
Fighting       | |  0.1
Stealth        | |  3.1

Action                   || total
-------------------------++-------
Melee: Unarmed           ||    25
       Short sword       ||     1
 Fire: Hunting sling     ||    56
 Cast: Magic Dart        ||    55
  Use: Scroll            ||     2
 Stab: Sleeping          ||     1
Armor: Robe              ||    14
Dodge: Dodged            ||    64

Table legend: (Time is in decaauts)
 A = Elapsed time spent in this place.
 B = Non-inter-level travel time spent in this place.
 C = Inter-level travel time spent in this place.
 D = Time resting spent in this place.
 E = Time spent auto-exploring this place.
 F = Levels seen in this place.
 G = Mean time per level.
                   A        B        C        D        E       F      G
               +--------+--------+--------+--------+--------+-----+--------+
         Total |   1345 |   1330 |     15 |      2 |    912 |   2 |  672.5 |
       Dungeon |   1345 |   1330 |     15 |      2 |    912 |   2 |  672.5 |
               +--------+--------+--------+--------+--------+-----+--------+

Top non-repeatable levels by time:
     D:1: 1204 daAuts
     D:2: 141 daAuts
